AoeStats
← DharonXIII

Arabia

509407083Analyzed
1v1 RM · 5d ago on Sep 26, 2026· 44m 40s· 2 players
Game mode
Random Map
Map size
Tiny (2 player)
Population
200
Speed
Normal
Resources
Standard
Victory
Conquest
Starting age
Dark Age
Ending age
Imperial Age
RankedLock teamsTeams togetherTeam positionsShared explorationLock speedFull tech treeHidden civsTurbo modeCheats
Victory
Defeat
🇩🇪 Goths · Germany
1230
+18
🇨🇱 Varangians · Chile
1264
-18
DharonXIII
7:45 Loom
10:20 Feudal Age
11:31 Double-Bit Axe
13:13 Fletching
18:11 Wheelbarrow
21:32 Castle Age
20:53 Scale Barding Armor
21:11 Bloodlines
22:46 Chain Barding Armor
23:14 Forging
24:21 Bow Saw
31:08 Horse Collar
31:19 Gold Mining
31:32 Stone Mining
33:45 Hand Cart
35:22 Iron Casting
37:22 Scale Mail Armor
40:02 Heavy Plow
41:23 Chain Mail Armor
45:44 Imperial Age
44:14 Anarchy
VZ | Thyrfing
5:48 Loom
9:24 Feudal Age
10:03 Double-Bit Axe
17:50 Horse Collar
22:59 Castle Age
21:12 Scale Barding Armor
22:43 Wheelbarrow
22:16 Gold Mining
24:07 Chain Barding Armor
24:56 Husbandry
25:57 Bloodlines
29:50 Stone Mining
36:27 Heavy Plow
38:40 Forging
44:31 Iron Casting
Connection lost

Rejoining the realm…

Still unreachable

The connection could not be restored.

Session expired

The server has moved on; the page needs a fresh start.